 Dungeon Crawl Stone Soup version 0.22-a0-480-g991dd4b (webtiles) character file.

5 HandsomeConkers the Conjurer (level 1, 0/14 HPs)
             Began as a Demigod Conjurer on June 15, 2018.
             Slain by a hobgoblin
             ... wielding a +0 club
              (5 damage)
             ... on level 1 of the Dungeon.
             The game lasted 00:01:32 (310 turns).

HandsomeConkers the Conjurer (Demigod Conjurer)      Turns: 310, Time: 00:01:32

Health: 0/14       AC:  2    Str: 11    XL:     1   Next: 53%
Magic:  5/5        EV: 12    Int: 19    God:
Gold:   25         SH:  0    Dex: 16    Spells: 2/3 levels left

rFire    . . .     SeeInvis .   (no weapon)
rCold    . . .     Gourm    .   (no shield)
rNeg     . . .     Faith    .   a - +0 robe
rPois    .         Spirit   .   (no helmet)
rElec    .         Reflect  .   (no cloak)
rCorr    .         Harm     .   (no gloves)
MR       .....                  (no boots)
Stlth    ++........             (no amulet)
HPRegen  0.04/turn              (no ring)
MPRegen  0.09/turn              (no ring)

@: no status effects
A: high mp 1
a: no special abilities


You were on level 1 of the Dungeon.
You were not hungry.

You visited 1 branch of the dungeon, and saw 1 of its levels.

You collected 25 gold pieces.

Inventory:

Armour
 a - a +0 robe (worn)
Scrolls
 d - a scroll of magic mapping {unknown}
 e - a scroll of remove curse {unknown}
Potions
 b - a potion of heal wounds {unknown}
Comestibles
 c - 2 rations


   Skills:
 + Level 1.9 Dodging
 + Level 1.7 Stealth
 + Level 1.7 Spellcasting
 + Level 3.8 Conjurations


You had 2 spell levels left.
You knew the following spells:

 Your Spells              Type           Power        Failure   Level  Hunger
a - Magic Dart            Conj           ###.         3%          1    #......

Your spell library contained the following spells:

 Spells                   Type           Power        Failure   Level  Hunger
 Iskenderun's Mystic Bla  Conj           ###.....     34%         4    #####..
 Fulminant Prism          Conj/Hex       #.........   61%         4    #####..
 Dazzling Spray           Conj/Hex       #.....       24%         3    ###....
 Force Lance              Conj/Tloc      #.......     61%         4    #####..
 Searing Ray              Conj           ###...       5%          2    ###....


Dungeon Overview and Level Annotations

Branches:
Dungeon (1/15)


Innate Abilities, Weirdness & Mutations

You have an increased reservoir of magic. (+10% MP)


Message History

You see here a leopard gecko corpse.
You see here a goblin corpse.
c - 2 rations (gained 1)
A hobgoblin comes into view. It is wielding a club.
A bat comes into view.
The hobgoblin shouts!
The bat moves out of view.
Found a stone staircase leading down.
You completely miss the hobgoblin. The hobgoblin hits you with a club.
You hit the hobgoblin but do no damage. The hobgoblin hits you with a club.
You barely miss the hobgoblin. You barely miss the hobgoblin.
The hobgoblin closely misses you.
You hit the hobgoblin but do no damage. The bat barely misses you.
The hobgoblin hits you but does no damage.
You barely miss the hobgoblin. The bat barely misses you.
The hobgoblin closely misses you. The bat closely misses you. x2
The bat closely misses you.
You completely miss the hobgoblin. The hobgoblin hits you with a club.
You die...

...... ######
...... #....#
..>... #....##
.... #.....##
... ###.#..#
##.#
#.##.###..#
#.##@gb..#
#.#####......#
#.# ##.....#
#.# #.#...#
#.# #.#.....
#.# ......###
#.# #.# ..#
#.# ... ..#
#.#


You could see a hobgoblin and a bat.

Vanquished Creatures
  A leopard gecko (D:1)
  A bat (D:1)
  A goblin (D:1)
  A kobold (D:1)
4 creatures vanquished.

Notes
Turn   | Place    | Note
-------+----------+-------------------------------------------
     0 | D:1      | HandsomeConkers the Demigod Conjurer began the quest for the Orb.
     0 | D:1      | Reached XP level 1. HP: 14/14 MP: 5/5
   310 | D:1      | Slain by a hobgoblin

Vault maps used:
D:1:      minmay_arrival_five_plusses

Action                   || total
-------------------------++-------
Melee: Unarmed           ||    34
Armor: Robe              ||    16
Dodge: Dodged            ||    39

Table legend:
 A = Spawn XP
 B = Non-spawn XP
 C = Spawn XP percentage of total XP
 D = Spawn monster count
 E = Non-spawn monster count
 F = Spawn count percentage of total count
 G = Total turns spent on level
                    A         B        C        D         E        F      G
               +---------+---------+-------+---------+---------+-------+---------
         Total |       0 |       8 |   0.0 |       0 |       4 |   0.0 |   310
               +---------+---------+-------+---------+---------+-------+---------
           D:1 |       0 |       8 |   0.0 |       0 |       4 |   0.0 |   310
               +---------+---------+-------+---------+---------+-------+---------
